 Dungeon Crawl Stone Soup version 0.31-a0-803-g95b03c3367 (webtiles) character file.

Game seed: 11001309581452383522

21 javelincjr the Changeling (level 2, -4/23 HPs)
             Began as a Demigod Shapeshifter on Sept 20, 2023.
             Slain by an iguana (7 damage)
             ... on level 2 of the Dungeon.
             The game lasted 00:05:02 (1049 turns).

javelincjr the Changeling (Demigod Shapeshifter)    Turns: 1049, Time: 00:05:02

Health: -4/23      AC:  5    Str: 15    XL:     2   Next: 45%
Magic:  4/4        EV: 11    Int: 12    God:
Gold:   85         SH:  0    Dex: 13    Spells: 1/1 levels left

rFire   . . .        h - +0 spear
rCold   . . .        (no shield)
rNeg    . . .        e - +0 ring mail
rPois   .            (helmet currently unavailable)
rElec   .            (cloak currently unavailable)
rCorr   .            (gloves currently unavailable)
SInv    .            (boots currently unavailable)
Will    .....        (no amulet)
Stlth   +            (no ring)
HPRegen 0.23/turn    (no ring)
MPRegen 0.09/turn

%: no passive effects
@: beast-form
A: beast (slay +1), high MP 1, forlorn, divine attributes
a: Begin Untransformation


You were on level 2 of the Dungeon.
You were a hulking beast.
You visited 1 branch of the dungeon, and saw 2 of its levels.

You collected 85 gold pieces.

Inventory:

Hand Weapons
 h - a +0 spear (weapon)
Missiles
 i - 6 poisoned darts (quivered)
Armour
 a - a +0 animal skin
 e - a +0 ring mail (worn)
 k - a +0 cloak
 m - an orb of energy
Talismans
 c - a beast talisman (active)
 d - a flux talisman
Wands
 o - a wand of digging (3)
Scrolls
 l - a scroll of revelation {unknown}
 n - a scroll of enchant weapon {unknown}
 p - a scroll of teleportation {unknown}
 q - a scroll of identify {unknown}
Potions
 b - a potion of lignification
 f - a potion of cancellation {unknown}
 g - 2 potions of mutation {unknown}
 j - 2 potions of berserk rage {unknown}


   Skills:
 + Level 1.3 Fighting
 + Level 2.1 Dodging
 + Level 2.9 Unarmed Combat
 + Level 2.9 Shapeshifting


You had one spell level left.
You didn't know any spells.
Your spell library contained the following spells:

 Spells                   Type           Power      Damage    Failure   Level
 Magic Dart               Conj           0%         1d3       54%         1
 Call Imp                 Summ           0%         N/A       69%         2
 Mephitic Cloud           Conj/Pois/Air  0%         N/A       89%         3
 Ozocubu's Armour         Ice            0%         N/A       89%         3
 Ozocubu's Refrigeration  Ice            0%         4d7       100%        7


Dungeon Overview and Level Annotations

Branches:
Dungeon (2/15)


Innate Abilities, Weirdness & Mutations

You are a hulking beast.
Your limbs bulge with bestial killing power. (Slay +1)
You have an increased reservoir of magic. (+10% MP)
You shall have no god before yourself.
Your divine heritage dramatically boosts your attributes as you level up.


Message History

You reach to attack!
You hit the frilled lizard.
You kill the frilled lizard!
You see here a frilled lizard corpse.
You enter the shallow water.
Moving in this stuff is going to be slow.
You enter the shallow water.
Moving in this stuff is going to be slow.
An iguana comes into view.
The iguana moves out of view.
You enter the shallow water.
Moving in this stuff is going to be slow.
The iguana bites you but does no damage.
You hit the iguana.
The iguana is lightly wounded.
The iguana bites you!
Ouch! That really hurt!
The iguana bites you. The iguana bites you!
* * * LOW HITPOINT WARNING * * *
You hit the iguana.
The iguana is lightly wounded.
The iguana barely misses you.
You hit the iguana but do no damage.
The iguana is lightly wounded.
The iguana bites you but does no damage.
You hit the iguana.
The iguana is heavily wounded.
The iguana closely misses you.
You barely miss the iguana.
The iguana is heavily wounded.
The iguana bites you but does no damage.
You hit the iguana but do no damage.
The iguana is heavily wounded.
The iguana closely misses you.
You hit the iguana but do no damage.
The iguana is heavily wounded.
The iguana bites you but does no damage.
You hit the iguana.
The iguana is severely wounded.
The iguana bites you!
You die...

...<#.#####.#######.#.##.####
...†)........................
#.#.#.#####.#♣~.♣♣#...#######
#.....# #.#♣♣~~♣♣##..###
###...#####.#♣P~P♣ ##...###
#.......#♣♣♣P~♣♣ ###†..####
#......♣♣♣♣♣P.P♣♣♣♣♣.........#
#......♣♣♣P~~~~♣♣.♣~#.#####...
#..#..).~~~~~~h~~~~...# ..
#..#...P.♣♣~~~l♣P♣P♣###
##..####♣♣♣♣♣♣~~♣♣♣♣♣ #...#
♣~~~♣ #..## ♣P~♣♣ #..#####.#
♣♣~ ##........# ♣.
.....##########.
#.##............


You could see an iguana.

Vanquished Creatures
  3 endoplasms
  A giant cockroach (D:1)
  3 goblins
  2 quokkas
  4 ball pythons
  A bat (D:1)
  3 frilled lizards (D:2)
  3 kobolds
  A rat (D:2)
21 creatures vanquished.

Notes
Turn   | Place    | Note
-------+----------+-------------------------------------------
     0 | D:1      | javelincjr the Demigod Shapeshifter began the quest for the
                  | Orb.
     0 | D:1      | Reached XP level 1. HP: 15/15 MP: 3/3
   333 | D:1      | Reached skill level 1 in Fighting
   722 | D:1      | Reached XP level 2. HP: 23/23 MP: 4/4
  1042 | D:2      | HP: 1/23 [iguana (8)]
  1049 | D:2      | Slain by an iguana

Illustrated notes

Levels and vault maps discovered:
D:1:      dpeg_arrival_water_fire, layout_rooms, minmay_cut_off
D:2:      layout_basic, dreamdust_ecumenical_altar_hidden_monk_grotto,
          basic_altar, serial_bayou_crossing

Skill      XL: |  1 |
---------------+----+-----
Fighting       | 1 |  1.3
Dodging        | 2 |  2.1
Unarmed Combat | |  2.9
Shapeshifting  | |  2.9

Action                     || total
---------------------------++-------
  Melee: Unarmed           ||    18
         Spear             ||    53
 Armour: Animal skin       ||     7
         Ring mail         ||    30
  Dodge: Dodged            ||    38

Table legend: (Time is in decaauts)
 A = Elapsed time spent in this place.
 B = Non-inter-level travel time spent in this place.
 C = Inter-level travel time spent in this place.
 D = Time resting spent in this place.
 E = Time spent auto-exploring this place.
 F = Levels seen in this place.
 G = Mean time per level.
                   A        B        C        D        E       F      G
               +--------+--------+--------+--------+--------+-----+--------+
         Total |   1054 |    983 |     71 |      0 |    759 |   2 |  527.0 |
       Dungeon |   1054 |    983 |     71 |      0 |    759 |   2 |  527.0 |
               +--------+--------+--------+--------+--------+-----+--------+

Top non-repeatable levels by time:
     D:1: 859 daAuts
     D:2: 195 daAuts
